 Dungeon Crawl Stone Soup version 0.27.1-33-g824d729ab1 (webtiles) character file.

Game seed: 6233884785177434493

201 Aksej the Slasher (level 5, 0/47 HPs)
             Began as a Hill Orc Monk on Nov 28, 2021.
             Succumbed to an adder's poison
             ... on level 4 of the Dungeon.
             The game lasted 00:09:24 (3764 turns).

Aksej the Slasher (Hill Orc Monk)                   Turns: 3764, Time: 00:09:24

Health: 0/47       AC:  6    Str: 14    XL:     5   Next: 79%
Magic:  5/5        EV: 13    Int: 10    God:
Gold:   129        SH:  0    Dex: 14    Spells: 4/4 levels left

rFire    . . .     SeeInvis .   a - +1 falchion (spect)
rCold    . . .     Faith    .   (no shield)
rNeg     . . .     Spirit   .   b - +1 robe
rPois    .         Reflect  .   (no helmet)
rElec    .         Harm     .   (no cloak)
rCorr    .         Rampage  .   j - +2 pair of gloves
Will     +....                  (no boots)
Stlth    ++........             l - amulet of magic regeneration
HPRegen  0.15/turn              c - ring of willpower
MPRegen  0.34/turn              (no ring)

@: lethally poisoned (0 -> -3)
A: no striking features
a: no special abilities


You were on level 4 of the Dungeon.
You visited 2 branches of the dungeon, and saw 5 of its levels.

You collected 129 gold pieces.

Inventory:

Hand Weapons
 a - a +1 spectral falchion (weapon)
Missiles
 k - 6 javelins (quivered)
Armour
 b - a +1 robe (worn)
 j - a +2 pair of gloves (worn)
Jewellery
 c - a ring of willpower (left hand)
 l - an amulet of magic regeneration (around neck)
 m - a ring of flight
Scrolls
 f - a scroll of enchant weapon
 i - a scroll of enchant armour
Potions
 d - a potion of attraction {unknown}
 e - 2 potions of curing
 g - a potion of flight {unknown}
 h - a potion of lignification {unknown}


   Skills:
 + Level 4.6 Fighting
 + Level 5.0 Long Blades
 + Level 3.3 Dodging
 + Level 2.4 Stealth


You had 4 spell levels left.
You didn't know any spells.
Your spell library was empty.

Dungeon Overview and Level Annotations

Branches:
Dungeon (4/15)             Temple (1/1) D:4

Altars:
Ashenzari
Dithmenos
Elyvilon
Fedhas
Gozag
Hepliaklqana
Nemelex Xobeh
Okawaru
Qazlal
Ru
Sif Muna
Uskayaw
Wu Jian
Zin
The Shining One

Annotations:
D:4 Edmund


Message History

You strike the helpless Edmund from behind!
You hit Edmund but do no damage.
Edmund is moderately wounded.
Your +1 spectral falchion hits Edmund.
Edmund misses you.
You hit Edmund but do no damage.
Edmund is moderately wounded.
Your +1 spectral falchion hits Edmund.
Edmund barely misses you.
You riposte.
You closely miss Edmund.
Edmund is heavily wounded.
Your +1 spectral falchion hits Edmund but does no damage.
You hit Edmund.
Edmund is heavily wounded.
Your +1 spectral falchion fades away.
The adder bites you.
Edmund hits you with a +0 dire flail of protection!
You hit Edmund but do no damage.
Edmund is heavily wounded.
Your +1 spectral falchion completely misses Edmund.
The adder bites you but does no damage. Edmund barely misses you.
You hit Edmund but do no damage.
Edmund is heavily wounded.
Your +1 spectral falchion hits Edmund.
The adder bites you but does no damage.
Edmund hits your +1 spectral falchion with a +0 dire flail of protection!
Your spectral weapon shares its damage with you!
The adder closely misses you.
You hit Edmund but do no damage.
Edmund is heavily wounded.
Your +1 spectral falchion barely misses Edmund.
The adder bites you.
You are poisoned.
The adder poisons you! Edmund closely misses you.
Okay, then.
You feel sick.
Edmund hits you with a +0 dire flail of protection!
* * * LOW HITPOINT WARNING * * *
* * * LOW HITPOINT WARNING * * *
You feel sick. The adder misses you.
* * * LOW HITPOINT WARNING * * *
You feel sick.
You die...

#.♣........#.........#
#.♣....†...#.........#
#.......#.............
#...................[#
#._..........#.#....##
#...........#.#.#.....
#..........#.#.#.#....
#.♣..##.....#.>.#.[...
#.♣.....@..#.#.#.#.#..
#.♣.......@.#.#.#..#
#.♣......S.§(#.#...#
#..........§§§.....#
.......#.....§....#
.≈.....#............
.≈.....#.............
.≈.....#.............
≈.... #............


You could see Edmund and an adder.

Vanquished Creatures
  Jessica (D:3)
  Terence (D:3)
  3 gnolls
  7 adders
  A dart slug (D:2)
  An orc (D:3)
  6 bats
  5 endoplasms
  A giant cockroach (D:3)
  3 goblins
  5 hobgoblins
  4 jackals (D:2)
  A quokka (D:2)
  7 ball pythons
  6 frilled lizards
  7 kobolds
  6 rats
65 creatures vanquished.

Notes
Turn   | Place    | Note
-------+----------+-------------------------------------------
     0 | D:1      | Aksej the Hill Orc Monk began the quest for the Orb.
     0 | D:1      | Reached XP level 1. HP: 19/19 MP: 1/1
    42 | D:1      | Reached XP level 2. HP: 2/27 MP: 2/2
   799 | D:1      | Reached XP level 3. HP: 33/33 MP: 3/3
  1301 | D:2      | Reached skill level 4 in Long Blades
  1573 | D:2      | Reached XP level 4. HP: 39/40 MP: 4/4
  2539 | D:3      | Found a faded altar of an unknown god.
  2797 | D:3      | Noticed Jessica
  2805 | D:3      | Killed Jessica
  2806 | D:3      | Reached XP level 5. HP: 47/47 MP: 5/5
  3150 | D:3      | Noticed Terence
  3170 | D:3      | Killed Terence
  3633 | D:4      | Found a shimmering blue altar of Sif Muna.
  3633 | D:4      | Found a staircase to the Ecumenical Temple.
  3653 | D:4      | Noticed Edmund
  3656 | D:4      | Reached skill level 5 in Long Blades
  3658 | Temple   | Entered the Ecumenical Temple
  3762 | D:4      | HP: 2/47 [poisoned by an adder]
  3764 | D:4      | Succumbed to an adder's poison

Illustrated notes

Levels and vault maps discovered:
D:1:      lemuel_arrival_hallway, layout_basic
D:2:      minmay_inner_zag, layout_basic
D:3:      layout_basic, hellmonk_ecumenical_altar_arch_garden, minivault_11,
          minivault_24, uniq_jessica, uniq_terence
D:4:      layout_basic, mainiacjoe_overflow_boulevard, minmay_temple_entry_grid,
          uniq_edmund, uniq_menkaure
Temple:   nicolae_temple_great_sept

Skill      XL: |  1  2  3  4  5 |
---------------+----------------+-----
Fighting       | 4 |  4.6
Long Blades    | 4 5 |  5.0
Stealth        | 2 |  2.4
Dodging        | 3 |  3.3

Action                   |  1- 3 |  4- 6 || total
-------------------------+-------+-------++-------
Melee: Falchion          |    69 |   141 ||   210
Throw: Javelin           |       |     4 ||     4
  Use: Scroll            |     3 |     3 ||     6
 Stab: Sleeping          |     4 |     5 ||     9
       Distracted        |       |     1 ||     1
Armor: Robe              |    18 |    26 ||    44
Dodge: Dodged            |    54 |   106 ||   160
       Rpst.: Falchion   |    17 |    31 ||    48
